Map: Rhoskallian LE

Players

Llurien

  • Race: Protoss Protoss
  • Spawn Location: 6:00

magg

  • Race: Terran Terran
  • League: Platinum
  • Spawn Location: 5:00

Massa - Winner!

  • Race: Terran Terran
  • Spawn Location: 11:00

qqq - Winner!

  • Race: Protoss Protoss
  • Spawn Location: 12:00

VOD

Have the link to the VOD?

Description

Time

  • Played on: June 19, 2020, 4:23 p.m.
  • Length: 19:25
Show
View Real Time Build Order
Export as new Build Order

Llurien Protoss 

Build Orders: Oracle Opening, Carriers 

Get SALT Encoding   

  12  0:01  Probe  
  13  0:13  Probe  
  14  0:25  Probe  
  14  0:26  Pylon  
  15  0:42  Probe  
  15  0:44  Gateway  
  16  0:50  Probe  
  17  0:58  Probe  
  17  1:01  Forge  
  18  1:10  Probe  
  19  1:17  Pylon  
  19  1:23  Probe  
  20  1:32  Assimilator  
  20  1:34  Probe  
  20  1:35  Cybernetics Core  
  21  1:42  Pylon  
  21  1:43  Probe  
  21  1:47  Assimilator  
  22  1:57  Probe  
  23  2:09  Probe  
  24  2:20  Photon Cannon  
  24  2:32  Stargate  
  24  2:34  Probe  
  25  2:44  Photon Cannon  
  25  2:46  Probe  
  26  2:58  Probe  
  27  3:09  Nexus  
  27  3:12  Probe  
  28  3:18  Oracle  
  31  3:24  Probe  
  32  3:36  Probe  
  32  3:37  Pylon  
  33  3:43  Protoss Air Weapons Level 1  
  33  3:56  Stargate  
  33  4:08  Probe  
  34  4:20  Probe  
  32  4:34  Phoenix  
  34  4:39  Phoenix  
  34  4:42  Probe x2  
  38  4:45  Assimilator  
  38  4:49  Assimilator  
  38  4:50  Pylon, Probe  
  38  4:51  Probe  
  38  4:53  Pylon  
  38  4:59  Probe  
  40  5:00  Probe  
  40  5:03  Fleet Beacon  
  42  5:08  Probe  
  42  5:10  Probe  
  44  5:17  Probe  
  44  5:18  Probe  
  45  5:23  Phoenix  
  45  5:25  Probe  
  48  5:32  Phoenix  
  51  5:40  Probe  
  52  5:47  Protoss Air Armor Level 1  
  52  6:12  Probe x2  
  52  6:13  Void Ray  
  52  6:14  Void Ray  
  58  6:24  Probe  
  63  6:26  Stargate, Nexus  
  55  6:51  Phoenix x2  
  55  6:59  Photon Cannon  
  58  7:02  Pylon  
  58  7:04  Protoss Shields Level 1  
  58  7:10  Anion Pulse-Crystals  
  58  7:23  Photon Cannon  
  58  7:39  Phoenix x2  
  58  7:43  Phoenix  
  59  8:10  Phoenix x3  
  65  8:18  Pylon  
  65  8:22  Protoss Air Weapons Level 2  
  65  8:28  Nexus  
  65  8:33  Cybernetics Core  
  65  8:36  Probe x2  
  67  8:43  Pylon  
  67  8:46  Pylon  
  67  8:48  Probe x2  
  67  8:49  Assimilator  
  67  8:53  Assimilator  
  67  8:54  Phoenix x2  
  67  8:55  Phoenix  
  73  9:43  Phoenix  
  73  9:44  Phoenix x2  
  79  10:06  Nexus  
  79  10:09  Protoss Air Armor Level 2, Assimilator  
  79  10:21  Nexus  
  79  10:22  Stargate  
  79  10:25  Stargate, Pylon  
  79  10:26  Pylon  
  79  10:27  Pylon  
  79  10:28  Pylon  
  80  10:35  Probe x2  
  79  10:45  Phoenix x2  
  79  10:46  Phoenix  
  79  10:47  Probe  
  79  10:48  Probe  
  87  10:59  Probe  
  87  11:00  Probe  
  89  11:10  Phoenix  
  91  11:12  Probe  
  92  11:19  Probe x2  
  92  11:24  Probe  
  95  11:29  Carrier x2  
  95  11:31  Probe  
  90  11:50  Phoenix  
  92  12:01  Probe x3  
  92  12:02  Probe  
  96  12:11  Assimilator  
  89  12:15  Phoenix  
  90  12:23  Phoenix x2  
  94  12:33  Phoenix x2  
  98  12:40  Phoenix  
  100  12:48  Phoenix x2  
  104  12:57  Phoenix  
  104  12:58  Phoenix  
  108  13:05  Phoenix  
  110  13:13  Phoenix x2  
  114  13:22  Phoenix  
  114  13:23  Phoenix  
  114  13:26  Nexus  
  118  13:39  Carrier x2  
  130  13:45  Pylon  
  130  13:48  Pylon  
  130  13:50  Pylon  
  124  14:46  Carrier  
  89  16:16  Pylon  
  79  16:18  Nexus  
  79  16:22  Assimilator  
  71  16:25  Pylon  
  71  16:29  Stargate  
  71  16:30  Stargate  
  71  17:32  Carrier x3  
  89  17:51  Nexus  
  89  18:02  Pylon  
Show
View Real Time Build Order
Export as new Build Order

magg Terran 

Build Orders: Mech 

Get SALT Encoding   

  12  0:00  SCV  
  13  0:13  SCV  
  14  0:18  Supply Depot  
  14  0:25  SCV  
  15  0:40  SCV  
  16  0:42  Barracks  
  16  0:50  Refinery  
  16  0:52  SCV  
  17  1:13  SCV  
  18  1:25  SCV  
  19  1:38  SCV  
  20  1:40  Reaper  
  21  1:47  Supply Depot  
  21  1:48  Bunker  
  21  1:58  SCV  
  22  2:20  Marine  
  23  2:34  Factory, Refinery, Command Center  
  23  2:38  Marine  
  24  2:47  Orbital Command  
  24  2:56  Marine  
  24  2:57  Barracks  
  25  3:03  Engineering Bay  
  25  3:13  Marine, SCV  
  25  3:19  Factory Tech Lab  
  27  3:24  Starport  
  27  3:25  SCV  
  28  3:38  Siege Tank  
  31  3:45  Missile Turret  
  31  3:52  Barracks Tech Lab, SCV  
  32  4:03  Missile Turret  
  32  4:04  Marine  
  33  4:13  Marine  
  34  4:27  Siege Tank  
  37  4:46  Orbital Command  
  37  4:48  Marine  
  37  4:52  Barracks Tech Lab  
  38  4:59  Missile Turret  
  38  5:01  Factory  
  38  5:06  Marine  
  39  5:15  Marine  
  40  5:23  Banshee  
  40  5:24  Cloaking Field, Marine  
  44  5:30  SCV  
  45  5:41  Missile Turret  
  45  5:42  Marine  
  46  5:57  Supply Depot x2  
  46  6:06  Factory  
  46  6:07  Barracks Tech Lab  
  46  6:18  Marine, SCV x2  
  46  6:25  Missile Turret  
  49  6:30  SCV x2  
  50  6:38  Siege Tank x2  
  56  6:43  SCV x2  
  56  6:45  Refinery  
  56  6:46  Refinery  
  58  6:55  SCV x2  
  60  7:02  Marine  
  60  7:04  Marine  
  60  7:07  Factory Tech Lab  
  62  7:11  Missile Turret  
  62  7:12  Missile Turret  
  62  7:15  Missile Turret  
  62  7:17  Supply Depot x2  
  62  7:29  Marine, SCV x2  
  62  7:38  Marine  
  62  7:39  Siege Tank  
  62  7:41  Siege Tank  
  62  7:42  Missile Turret  
  62  7:44  Missile Turret  
  52  8:01  Marine x2  
  50  8:07  Siege Tank  
  53  8:18  Marine  
  53  8:19  Marine  
  55  8:27  Siege Tank  
  58  8:36  Marine x2  
  58  8:39  Siege Tank  
  63  8:49  Factory  
  63  8:50  Factory  
  63  8:58  Missile Turret  
  63  8:59  Siege Tank  
  63  9:49  Siege Tank  
  63  9:50  Siege Tank x2  
  63  9:52  Marine  
  73  10:05  Missile Turret  
  73  10:07  Marine  
  73  10:09  Marine  
  75  10:15  SCV  
  75  10:20  SCV  
  77  10:24  Marine  
  78  10:35  Missile Turret  
  78  10:38  Marine  
  78  10:49  Factory Reactor  
  78  11:03  Supply Depot  
  78  11:06  Missile Turret  
  78  11:08  Supply Depot  
  78  11:09  Hi-Sec Auto Tracking  
  78  11:10  Supply Depot  
  78  11:14  Factory Tech Lab  
  78  11:22  Marine  
  78  11:24  Siege Tank x2, SCV  
  85  11:29  Missile Turret, Siege Tank  
  87  11:39  Marine  
  88  11:50  Marine  
  89  11:57  Marine  
  90  12:07  Marine  
  91  12:15  Marine  
  75  12:23  Missile Turret  
  75  12:25  Marine  
  75  12:26  Missile Turret  
  76  12:33  Marine  
  76  12:43  Marine  
  77  12:51  Marine  
  78  12:54  Missile Turret  
  78  12:56  Missile Turret  
  78  13:00  Armory  
  78  13:01  Marine  
  78  13:02  Armory, Widow Mine x2  
  78  13:06  Missile Turret  
  78  13:07  Missile Turret  
  78  13:08  Marine  
  79  13:16  Missile Turret  
  79  13:19  Marine  
  80  13:21  Missile Turret  
  80  13:23  Widow Mine  
  80  13:24  Widow Mine  
  80  13:26  Missile Turret, Marine  
  80  13:27  SCV  
  86  13:36  Marine  
  86  13:40  Missile Turret  
  87  13:42  Missile Turret  
  87  13:44  Marine  
  87  13:45  Widow Mine x2  
  87  13:47  Missile Turret  
  92  13:51  Missile Turret  
  92  13:54  Marine  
  93  13:57  Terran Vehicle Weapons Level 1  
  93  13:58  Terran Vehicle And Ship Armor Level 1  
  93  14:03  Thor  
  93  14:06  Widow Mine  
  101  14:18  SCV  
  102  14:35  Factory  
  102  14:49  SCV  
  102  14:51  Widow Mine  
  99  15:07  Missile Turret  
  98  15:41  Thor  
  97  15:51  Thor  
  97  15:53  Thor  
  97  15:55  Thor  
  99  16:24  Siege Tank  
  88  16:34  Siege Tank  
  88  16:36  Siege Tank  
  88  16:39  Siege Tank  
  91  16:45  Terran Vehicle Weapons Level 2  
  91  16:56  Siege Tank  
  94  17:06  Siege Tank  
  94  17:08  Siege Tank  
  97  17:11  Siege Tank  
  68  17:28  Siege Tank  
  65  17:38  Siege Tank  
  65  17:40  Siege Tank  
  65  17:42  Thor  
  77  18:00  Thor  
  80  18:10  Thor  
Show
View Real Time Build Order
Export as new Build Order

Massa Terran - Winner!

Build Orders:  

Get SALT Encoding   

  12  0:10  SCV  
  13  0:18  Supply Depot  
  13  0:22  SCV  
  14  0:34  SCV  
  15  0:41  Barracks  
  15  0:46  SCV  
  16  0:54  Refinery  
  16  0:58  SCV  
  17  1:10  SCV  
  18  1:22  SCV  
  19  1:34  SCV  
  20  1:44  Marine  
  20  1:46  SCV  
  22  1:58  SCV  
  23  2:09  Supply Depot  
  23  2:16  Marine  
  22  2:30  Command Center  
  22  2:31  SCV  
  22  2:32  Supply Depot  
  22  2:34  Marine  
  24  2:50  Orbital Command  
  24  2:52  Marine  
  24  2:57  Supply Depot  
  25  3:09  Marine, Barracks  
  26  3:25  SCV  
  26  3:26  Refinery  
  27  3:27  Marine  
  28  3:37  Factory, SCV  
  28  3:38  Engineering Bay  
  29  3:48  Orbital Command  
  29  3:49  SCV  
  29  3:51  Barracks  
  30  4:01  SCV  
  31  4:04  Engineering Bay  
  31  4:05  Terran Infantry Weapons Level 1  
  31  4:11  Barracks Tech Lab  
  31  4:13  SCV  
  32  4:21  Barracks Reactor  
  32  4:26  SCV  
  33  4:34  SCV  
  33  4:38  SCV  
  35  4:42  Missile Turret  
  35  4:46  SCV  
  35  4:48  Missile Turret  
  35  4:50  SCV  
  37  4:54  Supply Depot  
  37  4:57  Supply Depot  
  37  4:58  Barracks Tech Lab  
  37  4:59  SCV  
  38  5:00  Stimpack  
  38  5:03  Missile Turret  
  38  5:04  Factory Tech Lab  
  38  5:06  Marine x2  
  40  5:11  SCV x2  
  42  5:23  SCV  
  42  5:24  Concussive Shells  
  42  5:26  Siege Tank  
  50  5:28  Marauder x2  
  50  5:32  SCV  
  50  5:35  SCV  
  52  5:38  Marine  
  52  5:39  Marine  
  54  5:48  Terran Infantry Armor Level 1  
  54  5:49  Marine  
  57  5:50  Marauder  
  57  5:56  Marine  
  58  5:58  Siege Tank  
  61  6:06  Marine  
  61  6:08  Marauder  
  66  6:11  Marauder  
  66  6:12  Refinery  
  66  6:14  Marine, SCV x2  
  66  6:15  Refinery  
  69  6:23  Marine  
  69  6:25  Supply Depot  
  70  6:26  SCV x2  
  70  6:29  Marauder  
  70  6:32  Marine  
  75  6:33  Armory  
  75  6:38  SCV x2  
  77  6:44  Marine  
  77  6:47  Supply Depot, Marauder  
  80  6:50  Marauder, Marine, SCV  
  84  7:03  Combat Shield  
  84  7:05  Marine  
  84  7:07  Marine  
  86  7:09  Supply Depot, Marauder  
  86  7:12  Marauder  
  90  7:23  Marine  
  90  7:25  Marine  
  90  7:29  Bunker  
  92  7:30  Marauder  
  92  7:33  Marauder  
  96  7:44  Thor  
  96  7:48  Marine x2  
  94  7:51  Marauder  
  94  7:55  Marauder  
  76  8:06  Marine x2  
  73  8:13  Marauder  
  73  8:14  Missile Turret  
  73  8:16  Marauder  
  77  8:24  Marine x2  
  79  8:27  Thor  
  85  8:34  Marauder  
  85  8:37  Marauder  
  89  8:42  Marine  
  89  8:46  Command Center  
  89  8:47  Terran Infantry Armor Level 2  
  89  8:48  Terran Infantry Weapons Level 2, Command Center  
  92  8:56  Marauder  
  92  8:59  Marauder  
  91  9:17  Marauder  
  91  9:20  Marauder  
  85  9:25  Thor  
  85  9:27  Marine x2  
  95  9:38  Marauder  
  95  9:41  Marauder, Barracks  
  95  9:45  Marine  
  97  10:00  Marauder  
  97  10:03  Marauder, SCV x2  
  101  10:10  Orbital Command  
  101  10:15  SCV x2  
  101  10:20  Terran Vehicle Weapons Level 1  
  103  10:22  Marauder, Marine x2  
  103  10:24  Marauder  
  103  10:27  SCV  
  103  10:28  SCV  
  111  10:29  Thor, Barracks  
  111  10:31  Barracks Reactor  
  117  10:39  Planetary Fortress, SCV  
  117  10:40  Marine x2, SCV  
  121  10:43  Marauder  
  121  10:46  Marauder  
  125  10:51  SCV  
  126  10:58  Marine x2  
  128  11:04  Marauder  
  128  11:05  Supply Depot  
  128  11:07  Marauder  
  128  11:08  Supply Depot  
  128  11:10  Supply Depot  
  132  11:20  Missile Turret  
  132  11:26  Marine x2  
  132  11:27  Marauder  
  132  11:28  Barracks Tech Lab, Marauder  
  132  11:29  Supply Depot  
  138  11:33  Orbital Command  
  138  11:35  Factory  
  138  11:36  Marine x2  
  140  11:44  Marine x2  
  142  11:48  Marauder  
  142  11:50  Starport, Marauder  
  142  11:53  Starport, Supply Depot, Marine  
  147  11:54  Marine  
  148  12:02  Marine x2  
  146  12:09  Marauder  
  146  12:11  Marauder, Marine  
  146  12:12  Marine  
  146  12:14  Terran Vehicle And Ship Armor Level 1  
  144  12:16  Supply Depot  
  144  12:19  Marine  
  143  12:30  Thor  
  143  12:31  Marauder  
  143  12:33  Marauder  
  153  12:39  Factory Tech Lab  
  153  12:41  Supply Depot  
  153  12:42  Medivac x2  
  157  12:52  Marauder  
  157  12:54  Marauder, SCV x4  
  165  13:06  SCV x4  
  165  13:07  Supply Depot, Thor  
  165  13:12  Thor, Medivac x2  
  177  13:18  SCV x3  
  188  13:28  SCV  
  188  13:30  Supply Depot, Sensor Tower  
  189  13:42  Medivac x2  
  189  13:44  Armory  
  193  13:50  Hellbat  
  193  13:51  Refinery  
  193  13:52  Refinery  
  193  13:53  Supply Depot  
  195  14:08  Terran Vehicle Weapons Level 2, Sensor Tower  
  189  14:18  Missile Turret x2  
  189  14:25  Thor  
  195  14:38  Missile Turret  
  191  15:29  Thor  
  197  15:40  Terran Vehicle And Ship Armor Level 2  
  197  15:42  Terran Infantry Armor Level 3, Terran Infantry Weapons Level 3  
  141  16:14  Marauder x3, Marine  
  141  16:15  Marine x3  
  141  16:16  Thor  
  141  16:17  Thor  
  148  16:32  Marine x3  
  115  16:33  Marine  
  115  16:35  Marauder x3  
  98  16:50  Marine x4  
  98  16:51  Missile Turret  
  98  16:55  SCV x2  
  98  16:56  Marauder, SCV x2  
  98  16:57  Marauder x2  
  98  16:59  Thor  
  109  17:07  SCV  
  109  17:08  Marine x4, SCV x3  
  111  17:11  Missile Turret  
  105  17:17  Missile Turret  
  105  17:18  Marauder x3  
  105  17:19  SCV  
  105  17:20  Missile Turret, SCV x3  
  105  17:21  Missile Turret x2  
  114  17:23  Thor  
  114  17:25  Marine  
  121  17:32  SCV x4  
  121  17:33  Missile Turret  
  125  17:39  Marauder  
  125  17:40  Marauder x2, Medivac  
  125  17:42  Missile Turret, Thor  
  125  17:43  Missile Turret  
  125  17:44  SCV  
  140  18:00  Marauder  
  140  18:01  Marauder x2  
  140  18:09  Marine x4  
  143  18:13  Command Center  
  143  18:22  Marauder x2  
  143  18:26  Marine  
  147  18:34  Barracks Reactor  
  147  18:37  Barracks Tech Lab  
  146  18:43  Marauder  
  146  18:44  Marauder  
  148  19:18  Missile Turret x3  
  148  19:20  Missile Turret  
Show
View Real Time Build Order
Export as new Build Order

qqq Protoss - Winner!

Build Orders: 1 Gate Expand, Phoenix Opening, Carriers 

Get SALT Encoding   

  12  0:09  Probe  
  13  0:27  Pylon  
  13  0:29  Probe  
  14  0:46  Gateway  
  14  0:49  Pylon  
  14  0:57  Probe  
  15  1:09  Probe  
  16  1:22  Probe  
  17  1:26  Nexus  
  17  1:36  Assimilator  
  17  1:40  Probe, Assimilator  
  18  1:53  Probe  
  19  2:11  Cybernetics Core  
  19  2:16  Probe  
  20  2:28  Probe  
  21  2:40  Pylon, Probe  
  22  2:44  Probe  
  22  2:50  Stalker  
  23  2:52  Probe  
  23  2:56  Probe  
  27  3:00  Stargate  
  27  3:08  Probe  
  28  3:17  Stargate  
  28  3:21  Probe  
  28  3:24  Pylon  
  29  3:33  Probe  
  30  3:45  Assimilator, Probe  
  31  3:49  Protoss Air Weapons Level 1, Assimilator  
  31  3:51  Phoenix  
  33  3:57  Probe  
  34  4:06  Phoenix  
  34  4:09  Probe  
  37  4:21  Probe  
  33  4:33  Probe  
  34  4:41  Probe  
  36  4:45  Probe  
  36  4:46  Phoenix  
  38  4:53  Probe  
  38  4:57  Probe  
  38  4:58  Phoenix  
  42  5:06  Probe  
  43  5:07  Probe  
  43  5:08  Pylon, Phoenix  
  44  5:15  Probe  
  44  5:18  Probe  
  48  5:23  Phoenix  
  48  5:24  Probe  
  51  5:30  Probe  
  51  5:32  Phoenix  
  54  5:36  Probe  
  55  5:48  Probe  
  56  6:00  Probe  
  56  6:01  Phoenix  
  56  6:02  Phoenix  
  59  6:09  Fleet Beacon  
  59  6:12  Probe  
  60  6:24  Probe  
  61  6:26  Phoenix  
  61  6:27  Phoenix  
  61  6:31  Protoss Air Armor Level 1  
  65  6:36  Probe  
  59  6:48  Probe  
  60  6:55  Carrier  
  60  6:59  Anion Pulse-Crystals  
  60  7:00  Probe  
  67  7:13  Probe  
  68  7:25  Probe  
  68  7:29  Nexus  
  62  7:37  Probe  
  62  7:38  Phoenix  
  64  7:49  Probe  
  61  7:59  Phoenix  
  61  8:03  Phoenix  
  57  8:20  Stargate  
  57  8:24  Phoenix  
  59  8:28  Phoenix  
  61  8:44  Forge  
  61  8:49  Phoenix  
  61  8:53  Phoenix  
  61  8:55  Probe  
  66  8:58  Assimilator  
  66  9:07  Probe  
  66  9:09  Phoenix  
  69  9:14  Phoenix  
  71  9:18  Phoenix  
  71  9:19  Probe  
  71  9:20  Pylon  
  71  9:21  Nexus  
  71  9:22  Stargate, Pylon  
  74  9:31  Probe  
  74  9:32  Pylon  
  74  9:34  Phoenix  
  77  9:40  Pylon  
  77  9:43  Phoenix, Probe  
  77  9:45  Pylon  
  80  9:47  Phoenix  
  82  9:55  Probe  
  82  9:59  Phoenix  
  85  10:04  Pylon  
  85  10:07  Assimilator, Probe  
  85  10:08  Phoenix  
  85  10:12  Phoenix  
  90  10:17  Photon Cannon  
  90  10:20  Probe  
  91  10:24  Carrier, Photon Cannon  
  97  10:32  Photon Cannon, Probe  
  98  10:42  Photon Cannon  
  96  10:46  Tempest  
  96  10:47  Carrier  
  96  10:49  Probe x2  
  109  11:01  Probe x2  
  109  11:04  Protoss Air Weapons Level 2  
  111  11:05  Protoss Shields Level 1  
  111  11:13  Probe  
  111  11:15  Probe  
  113  11:25  Probe  
  113  11:28  Phoenix  
  106  11:55  Phoenix x2  
  106  11:56  Carrier  
  114  12:20  Tempest  
  117  12:36  Carrier  
  123  12:42  Mothership  
  123  12:43  Probe x2  
  133  12:50  Assimilator  
  133  12:53  Assimilator  
  133  12:55  Probe x2  
  133  12:56  Pylon  
  135  12:59  Pylon  
  135  13:00  Phoenix  
  135  13:03  Phoenix  
  139  13:07  Probe x2  
  139  13:10  Nexus  
  141  13:19  Probe x2  
  143  13:25  Carrier  
  149  13:28  Phoenix  
  149  13:31  Probe  
  152  13:39  Probe  
  152  13:40  Phoenix  
  155  13:43  Probe  
  156  13:51  Probe, Photon Cannon  
  156  13:53  Carrier  
  156  13:55  Probe  
  163  14:03  Probe  
  164  14:16  Probe  
  163  14:17  Tempest  
  160  14:29  Phoenix, Probe  
  157  14:55  Carrier  
  157  14:58  Carrier  
  169  15:00  Tempest  
  174  15:22  Pylon  
  174  15:27  Pylon  
  170  15:30  Pylon  
  170  15:33  Probe  
  157  15:43  Phoenix  
  143  15:52  Carrier  
  123  15:57  Phoenix  
  123  15:58  Carrier  
  123  16:02  Stargate  
  115  16:04  Stargate  
  115  16:05  Stargate  
  121  16:13  Tempest  
  121  16:15  Phoenix  
  128  16:26  Probe x3  
  131  16:38  Protoss Air Armor Level 2, Probe  
  132  16:40  Phoenix  
  132  16:43  Pylon  
  132  16:45  Pylon  
  134  16:49  Robotics Facility  
  134  16:56  Phoenix, Tempest  
  134  16:57  Photon Cannon  
  141  17:02  Phoenix  
  143  17:10  Carrier  
  143  17:11  Phoenix, Carrier  
  157  17:21  Phoenix  
  154  17:27  Phoenix, Probe  
  156  17:33  Carrier  
  162  17:38  Probe  
  162  17:39  Probe  
  162  17:40  Phoenix  
  166  17:45  Tempest  
  166  17:49  Void Ray  
  166  17:50  Probe  
  176  17:51  Probe  
  177  18:02  Photon Cannon, Probe  
  177  18:03  Probe  
  179  18:06  Photon Cannon  
  179  18:09  Photon Cannon  
  173  18:14  Probe  
  173  18:15  Probe  
  173  18:26  Probe  
  168  18:28  Probe  
  169  18:39  Phoenix x3  
  169  18:40  Tempest  
  192  19:05  Nexus  
  198  19:25  Nexus  
Tags
 
Add a new tag
Caveats
  • Supply blocks, unpowered buildings, or Contaminate may cause inaccurate times.
  • Supply counts are checked every 10 seconds.